AoeStats
← SoundDrake5635

Arena

506701368Analyzed
3v3 RM · 17d ago on Sep 14, 2026· 39m 52s· 6 players
Game mode
Random Map
Map size
Normal (6 player)
Population
200
Speed
Normal
Resources
Standard
Victory
Conquest
Starting age
Dark Age
Ending age
Imperial Age
RankedLock teamsTeams togetherTeam positionsShared explorationLock speedFull tech treeHidden civsTurbo modeCheats
Victory
Defeat
🇫🇷 Hindustanis · France
933
+16
🇧🇷 Mongols · Brazil
922
+16
🇨🇴 Aztecs · Colombia
903
+17
🇹🇷 Huns · Türkiye
997
-19
🇫🇷 Teutons · France
909
-45
🇭🇰 Aztecs · Hong Kong SAR China
875
-14
lagartocomfome
1:45 Loom
9:37 Feudal Age
10:03 Double-Bit Axe
11:24 Horse Collar
11:53 Horse Collar
13:11 Scale Barding Armor
17:37 Wheelbarrow
21:46 Castle Age
21:03 Stone Mining
23:36 Bow Saw
23:27 Heavy Plow
24:42 Stone Shaft Mining
25:03 Hand Cart
25:58 Town Watch
26:08 Gold Mining
26:54 Fortified Wall
29:08 Gold Shaft Mining
28:40 Caravan
32:51 Imperial Age
31:55 Masonry
31:38 Fletching
31:49 Padded Archer Armor
32:19 Bodkin Arrow
32:22 Murder Holes
33:17 Ballistics
33:09 Bloodlines
33:00 Husbandry
33:18 Leather Archer Armor
34:35 Chemistry
33:58 Conscription
33:42 Bracer
36:47 Hoardings
38:03 Elite Mangudai
38:48 Nomads
40:21 Thumb Ring
40:42 Parthian Tactics
SoundDrake5635
0:40 Loom
13:48 Feudal Age
14:10 Man-at-Arms
16:56 Horse Collar
19:32 Castle Age
20:08 Scale Mail Armor
20:18 Forging
20:14 Arson
20:30 Squires
22:46 Wheelbarrow
22:16 Heavy Plow
24:18 Hand Cart
32:32 Imperial Age
34:05 Garland Wars
33:24 Elite Jaguar Warrior
34:27 Capped Ram
39:18 Chain Mail Armor
39:38 Iron Casting
Marmotte_Hargneuse
11:50 Feudal Age
10:26 Loom
16:21 Castle Age
14:48 Double-Bit Axe
14:46 Horse Collar
17:55 Bow Saw
17:48 Heavy Plow
25:13 Wheelbarrow
26:03 Gold Mining
26:26 Scale Barding Armor
27:38 Forging
27:49 Chain Barding Armor
28:01 Hand Cart
28:50 Town Watch
29:09 Stone Mining
29:42 Bloodlines
29:32 Husbandry
33:20 Imperial Age
32:29 Grand Trunk Road
33:36 Iron Casting
33:41 Heavy Camel Rider
35:24 Blast Furnace
35:00 Plate Barding Armor
36:07 Imperial Camel Rider
eXe
11:55 Feudal Age
12:46 Double-Bit Axe
15:32 Castle Age
14:09 Stone Mining
14:01 Horse Collar
16:51 Bow Saw
18:31 Loom
20:01 Town Watch
Moscaguns
13:29 Feudal Age
15:15 Wheelbarrow
17:47 Double-Bit Axe
18:52 Scale Barding Armor
21:13 Castle Age
20:03 Gold Mining
20:05 Stone Mining
26:16 Heated Shot
27:17 Chain Barding Armor
26:29 Pikeman
鬼祟君_HK
12:08 Feudal Age
13:29 Wheelbarrow
13:22 Double-Bit Axe
14:35 Town Watch
18:25 Castle Age
16:49 Horse Collar
17:00 Loom
17:11 Fletching
17:51 Gold Mining
17:54 Stone Mining
18:28 Forging
19:56 Bow Saw
21:20 Heavy Plow
26:37 Pikeman
28:01 Hand Cart
32:35 Gold Shaft Mining
33:45 Bodkin Arrow
34:12 Elite Skirmisher
37:35 Iron Casting
Connection lost

Rejoining the realm…

Still unreachable

The connection could not be restored.

Session expired

The server has moved on; the page needs a fresh start.